 Dungeon Crawl Stone Soup version 0.28.0 (webtiles) character file.

Game seed: 5296942133002275958

7 HallandMoats the Skirmisher (level 2, 0/26 HPs)
             Began as a Ghoul Monk on Feb 7, 2022.
             Slain by a kobold (3 damage)
             ... on level 1 of the Dungeon.
             The game lasted 00:00:20 (157 turns).

HallandMoats the Skirmisher (Ghoul Monk)             Turns: 157, Time: 00:00:21

Health: 0/26       AC:  2    Str: 14    XL:     2   Next: 0%
Magic:  1/1        EV: 12    Int:  5    God:
Gold:   22         SH:  0    Dex: 11    Spells: 1/1 levels left

rFire   . . .      SeeInvis .     - Unarmed
rCold   + . .      Faith    .   (no shield)
rNeg    + + +      Spirit   .   a - +0 robe
rPois   ∞          Reflect  .   (no helmet)
rElec   .          Harm     .   (no cloak)
rCorr   .          Rampage  .   (no gloves)
Will    .....                   (no boots)
Stlth   ++........              (no amulet)
HPRegen 0.00/turn               (no ring)
MPRegen 0.07/turn               (no ring)

@: inhibited regen
A: claws 1, cold resistance 1, negative energy resistance 3, inhibited
regeneration, torment resistance 2
a: no special abilities


You were on level 1 of the Dungeon.
You visited 1 branch of the dungeon, and saw 1 of its levels.

You collected 22 gold pieces.

Inventory:

Armour
 a - a +0 robe (worn)
Potions
 b - a potion of mutation {unknown}


   Skills:
 + Level 3.4 Fighting
 + Level 0.4 Armour
 + Level 2.8 Dodging
 - Level 2.1 Stealth
 + Level 3.4 Unarmed Combat


You had one spell level left.
You didn't know any spells.
Your spell library was empty.

Dungeon Overview and Level Annotations

Branches:
Dungeon (1/15)

Altars:


Innate Abilities, Weirdness & Mutations

You thrive by killing the living.
You are immune to poison.
You have sharp fingernails.
Your flesh is cold resistant. (rC+)
You are immune to negative energy. (rN+++)
You do not regenerate when monsters are visible.
You are immune to unholy pain and torment.


Message History

You kill the hobgoblin!
No target in view!
No target in view!
No target in view!
No target in view!
No target in view!
No target in view!
No target in view!
No target in view!
A kobold comes into view. It is wielding a +2 dagger of speed.
A kobold is nearby!
A kobold is nearby!
A kobold is nearby!
A goblin comes into view. It is wielding a +0 club.
Found a book of Cantrips and a robe.
The kobold shouts!
The goblin shouts!
You hear a shout!
The kobold hits you with a +2 dagger of speed.
You barely miss the kobold.
The kobold hits you but does no damage. x2
You barely miss the kobold. The kobold completely misses you.
You barely miss the kobold. The kobold completely misses you.
The kobold hits you with a +2 dagger of speed.
You barely miss the goblin. The kobold closely misses you.
The goblin hits you with a +0 club.
You scratch the goblin.
You kill the goblin!
You feel better.
The kobold hits you with a +2 dagger of speed. x2
You have reached level 2!
You barely miss the kobold. The kobold closely misses you.
You scratch the kobold but do no damage.
The kobold completely misses you.
A goblin comes into view. It is wielding a +0 club.
The kobold hits you with a +2 dagger of speed.
* * * LOW HITPOINT WARNING * * *
You closely miss the kobold.
The kobold hits you with a +2 dagger of speed.
* * * LOW HITPOINT WARNING * * *
You closely miss the kobold.
The kobold hits you with a +2 dagger of speed.
You die...

... #.# #.# # #.#
#[#####:# ......#.#
....g.).#######
#.....K@...#
......#######.# ####.
# #.# #
####.##.#########
.................
####.##...##### #
###.# #### ##.## #...
.#######.#.#######.).


You could see a goblin and a kobold.

Vanquished Creatures
  2 endoplasms (D:1)
  2 goblins (D:1)
  A hobgoblin (D:1)
5 creatures vanquished.

Notes
Turn   | Place    | Note
-------+----------+-------------------------------------------
     0 | D:1      | HallandMoats the Ghoul Monk began the quest for the Orb.
     0 | D:1      | Reached XP level 1. HP: 19/19 MP: 0/0
   151 | D:1      | Reached XP level 2. HP: 9/26 MP: 1/1
   157 | D:1      | Slain by a kobold

Illustrated notes

Levels and vault maps discovered:
D:1:      wander_arrival_desolate, layout_loops_ring, minmay_strange_pillars

Action                   || total
-------------------------++-------
Melee: Unarmed           ||    19
       Punch             ||     1
 Stab: Sleeping          ||     2
Armor: Robe              ||     2
Dodge: Dodged            ||    10
